 Dungeon Crawl Stone Soup version 0.31-a0-960-g0fca184906 (webtiles) character file.

Game seed: 17036527457305202050

1045 Azuregosa the Sneak (level 8, 0/52 HPs)
             Began as an Octopode Delver on Oct 22, 2023.
             Splashed by a jelly's acid (1 damage)
             ... on level 5 of the Dungeon.
             The game lasted 00:15:14 (3740 turns).

Azuregosa the Sneak (Octopode Delver)               Turns: 3740, Time: 00:15:15

Health: 0/52       AC:  1    Str: 11    XL:     8   Next: 25%
Magic:  15/15      EV: 14    Int: 14    God:
Gold:   166        SH:  0    Dex: 14    Spells: 16/17 levels left

rFire   . . .        u - +2 dagger (venom)
rCold   . . .        (no shield)
rNeg    . . .        (helmet restricted)
rPois   .            (no amulet)
rElec   .            c - +4 ring of protection
rCorr   .            t - ring of flight
SInv    .            (no ring)
Will    .....        (no ring)
Stlth   ++++         (no ring)
HPRegen 0.28/turn    (no ring)
MPRegen 0.14/turn    (no ring)
                     (no ring)

%: no passive effects
@: corroded, flying
A: almost no armour, amphibious, 8 rings, camouflage 1, gelatinous body 1,
(nimble swimmer 1), tentacles
a: no special abilities


You were on level 5 of the Dungeon.
You visited 1 branch of the dungeon, and saw 6 of its levels.

You collected 166 gold pieces.

Inventory:

Hand Weapons
 a - a +0 falchion
 j - a +2 short sword of flaming
 u - a +2 dagger of venom (weapon)
Missiles
 g - 50 stones
 w - 5 javelins
 y - a throwing net
Magical Staves
 x - a staff of death
Jewellery
 c - a +4 ring of protection (left tentacle)
 t - a ring of flight (right tentacle)
Talismans
 q - a beast talisman
Wands
 f - a wand of digging (3)
Scrolls
 b - a scroll of fog
 d - a scroll of fear
 h - a scroll of poison {unknown}
 i - a scroll of revelation
 k - a scroll of identify {unknown}
 l - 2 scrolls of blinking {unknown}
 n - a scroll of enchant weapon {unknown}
 p - a scroll of butterflies {unknown}
 r - 2 scrolls of teleportation {unknown}
 s - a scroll of vulnerability {unknown}
 v - a scroll of noise {unknown}
Potions
 e - 3 potions of haste
 m - a potion of might {unknown}
 o - a potion of curing {unknown}


   Skills:
 - Level 3.0 Fighting
 - Level 2.0 Long Blades
 - Level 4.0 Dodging
 - Level 7.0 Stealth
 + Level 5.3 Spellcasting
 + Level 5.8 Summonings


You had 16 spell levels left.
You knew the following spells:

 Your Spells              Type           Power      Damage    Failure   Level
a - Summon Small Mammal   Summ           80%        N/A       1%          1

Your spell library contained the following spells:

 Spells                   Type           Power      Damage    Failure   Level
 Call Canine Familiar     Summ           20%        N/A       4%          3
 Summon Guardian Golem    Hex/Summ       11%        N/A       16%         3
 Apportation              Tloc           6%         N/A       17%         1
 Necrotise                Necr           12%        1d4       17%         1
 Poisonous Vapours        Pois/Air       6%         N/A       26%         2
 Sublimation of Blood     Necr           3%         N/A       26%         2
 Mephitic Cloud           Conj/Pois/Air  3%         N/A       45%         3
 Summon Forest            Summ/Tloc      5%         N/A       80%         5
 Summon Mana Viper        Hex/Summ       11%        N/A       80%         5
 Petrify                  Tmut/Erth      3%         N/A       86%         4
 Summon Cactus Giant      Summ           10%        N/A       93%         6
 Freezing Cloud           Conj/Ice/Air   1%         6-21      99%         5
 Irradiate                Conj/Tmut      1%         3d12      99%         5


Dungeon Overview and Level Annotations

Branches:
Dungeon (6/15)
 Temple: D:4-7

Altars:
Cheibriados

Shops:
D:5 ***

Annotations:
D:4 3 runed translucent doors, rocker's ghost, amateur HuFi
D:5 1 transporter, Yohl's ghost, amateur MfGl


Innate Abilities, Weirdness & Mutations

You cannot wear most types of armour.
You are amphibious.
You can wear up to eight rings at the same time.
Your skin changes colour to match your surroundings (Stealth+).
Your rubbery body absorbs attacks. (AC +1, EV +1)
((You are camouflaged when in or above water. (Stealth+)))
You have tentacles for arms and can constrict up to eight enemies at once.


Message History

You feel very sick. The water moccasin bites you.
You hit the water moccasin.
The water moccasin is heavily wounded.
You constrict the water moccasin.
You feel very sick.
The jelly quivers.
The water moccasin misses you. The water moccasin closely misses you.
You hit the water moccasin.
Your tentacle-slap misses the water moccasin.
You squeeze the water moccasin.
The water moccasin is almost dead.
You constrict the water moccasin.
You feel very sick.
You kill the water moccasin!
You feel very sick.
You feel sick.
You feel sick.
You feel sick.
You feel sick.
You feel sick.
You hit the jelly.
Your tentacles burn!
* * * LOW HITPOINT WARNING * * *
You squeeze the jelly, but do no damage.
The jelly is moderately wounded.
You feel sick. The jelly hits you but does no damage.
You hit the jelly.
Your tentacles burn!
* * * LOW HITPOINT WARNING * * *
The jelly is moderately wounded.
You feel sick. The jelly barely misses you.
You hit the jelly.
Your tentacles burn!
* * * LOW HITPOINT WARNING * * *
You squeeze the jelly.
The jelly is severely wounded.
* * * LOW HITPOINT WARNING * * *
You feel sick.
You are no longer poisoned.
The jelly barely misses you.
You hit the jelly but do no damage. The acid corrodes you!
Your tentacles burn!
You die...

*.####..............
*,.....!....######.#
**#........#* #.#
#........# #)#
#...^....#######)#
#.#.######......)#
#.#.# #.####### #J#.#
#.##...# #@#.##
#.##...#
####....#####.##...##
#..........##........
#.##....##...........
#.##.#.######........
#.##.#...# #.##...##
#.##.###.#*##........
#.##.###.#...........
#.##.......##........


You could see a jelly.

Vanquished Creatures
  A water moccasin (D:5)
  2 black bears (D:4)
  2 scorpions
  6 killer bees
  A howler monkey (D:4)
  2 hounds (D:4)
  2 orc priests (D:6)
  An iguana (D:4)
  3 orc wizards
  A gnoll (D:6)
  5 adders
  A dart slug (D:4)
  7 orcs
  7 endoplasms
  3 giant cockroaches
  10 goblins
  4 hobgoblins
  5 jackals (D:3)
  5 kobolds
  A quokka (D:2)
  3 ball pythons
  6 bats
  3 frilled lizards
  8 rats
89 creatures vanquished.

Notes
Turn   | Place    | Note
-------+----------+-------------------------------------------
     0 | D:5      | Azuregosa the Octopode Delver began the quest for the Orb.
     0 | D:5      | Reached XP level 1. HP: 16/16 MP: 1/1
    77 | D:4      | Found a runed translucent gate.
    78 | D:4      | Found a runed translucent gate.
    79 | D:4      | Found a runed translucent gate.
    82 | D:4      | Noticed rocker's ghost (amateur HuFi)
    84 | D:4      | Noticed a kobold brigand
   133 | D:4      | Reached skill level 7 in Stealth
   184 | D:4      | Noticed an iguana
   185 | D:4      | Noticed an orc wizard
   187 | D:4      | Reached XP level 2. HP: 16/21 MP: 2/2
   323 | D:3      | Reached XP level 3. HP: 26/26 MP: 3/3
   970 | D:1      | Found a faded altar of an unknown god.
  1274 | D:2      | Learned a level 1 spell: Summon Small Mammal
  1548 | D:3      | Reached XP level 4. HP: 26/31 MP: 4/4
  2079 | D:4      | Reached skill level 1 in Spellcasting
  2079 | D:4      | Reached skill level 1 in Summonings
  2103 | D:4      | Reached XP level 5. HP: 35/36 MP: 5/7
  2106 | D:4      | Noticed a black bear
  2374 | D:4      | Identified the +0 leather armour of Siluf Alu {rN+ Will+}
  2383 | D:4      | Found a snail-covered altar of Cheibriados.
  2488 | D:5      | Found Irequine's Assorted Antiques.
  2526 | D:5      | Reached XP level 6. HP: 42/42 MP: 9/9
  2565 | D:5      | Found Wesibuets's Assorted Antiques.
  2681 | D:5      | Found Alal Keu's General Store.
  2687 | D:5      | Reached XP level 7. HP: 46/46 MP: 12/12
  3050 | D:4      | Reached skill level 5 in Summonings
  3293 | D:5      | Reached XP level 8. HP: 42/52 MP: 15/15
  3391 | D:5      | Found a transporter.
  3404 | D:5      | Noticed Yohl's ghost (amateur MfGl)
  3518 | D:5      | Reached skill level 5 in Spellcasting
  3739 | D:5      | HP: 2/52 [acid (4)]
  3740 | D:5      | Splashed by a jelly's acid

Illustrated notes

Levels and vault maps discovered:
D:1:      wander_arrival_estate, layout_loops_corners,
          shapermc_ecumenical_altar_petra
D:2:      layout_basic
D:3:      layout_rooms, corexii_corridor_pit
D:4:      black_bear_nest_1, layout_loops_ring, mainiacjoe_overflow_24_doors,
          gammafunk_ghost_nasty_kobolds, hangedman_decor_push,
          hangedman_abyss_or_decor_passed, minmay_close_crescents
D:5:      layout_loops_ring, gammafunk_ghost_mausoleum, serial_shops,
          nicolae_shop_window_shopping, kennysheep_mini, nicolae_lakefront_shop,
          shop_statue
D:6:      layout_loops_corners, serial_aquarium, aquarium_bridge_island_small
          [aquarium_subvault_small_open, aquarium_subvault_wall,
          aquarium_subvault_window, aquarium_subvault_bridge,
          aquarium_subvault_wall], aquarium_window_1, aquarium_window_corner,
          aquarium_window_1, aquarium_window_double, aquarium_view_2e,
          aquarium_pool_side

Skill      XL: |  1  2  3  4  5  6  7  8 |
---------------+-------------------------+-----
Stealth        | 7 |  7.0
Dodging        | 3 4 |  4.0
Spellcasting   | 1 2 3 4 5 |  5.3
Summonings     | 1 2 3 5 |  5.8
Fighting       | |  3.0
Long Blades    | |  2.0

Action                     |  1- 3 |  4- 6 |  7- 9 || total
---------------------------+-------+-------+-------++-------
  Melee: Falchion          |    59 |       |       ||    59
         Tentacles         |    15 |    15 |    13 ||    43
         Constrict         |    16 |    13 |    11 ||    40
         Short sword       |    20 |    19 |       ||    39
         Dagger            |       |    47 |    54 ||   101
         Punch             |       |     1 |     2 ||     3
   Cast: Summon Small Mamm |       |     1 |       ||     1
    Use: Scroll            |     1 |       |       ||     1
         Potion            |       |       |     2 ||     2
   Stab: Sleeping          |    14 |    13 |     2 ||    29
 Armour: Skin              |    35 |    16 |    46 ||    97
  Dodge: Dodged            |    39 |    38 |    34 ||   111

Table legend: (Time is in decaauts)
 A = Elapsed time spent in this place.
 B = Non-inter-level travel time spent in this place.
 C = Inter-level travel time spent in this place.
 D = Time resting spent in this place.
 E = Time spent auto-exploring this place.
 F = Levels seen in this place.
 G = Mean time per level.
                   A        B        C        D        E       F      G
               +--------+--------+--------+--------+--------+-----+--------+
         Total |   3748 |   3666 |     82 |    562 |   1891 |   6 |  624.7 |
       Dungeon |   3748 |   3666 |     82 |    562 |   1891 |   6 |  624.7 |
               +--------+--------+--------+--------+--------+-----+--------+

Top non-repeatable levels by time:
     D:4: 1109 daAuts
     D:1: 754 daAuts
     D:3: 697 daAuts
     D:5: 690 daAuts
     D:2: 434 daAuts
     D:6: 61 daAuts
